 Dungeon Sprint DCSS version 0.17-a0-1674-g2b13139 (webtiles) character file.

2459 Kidiri the Covert (level 9, 0/39 HPs)
             Began as a Spriggan Enchanter on Aug 18, 2015.
             Was a Priest of Dithmenos.
             Slain by a trapdoor spider (9 damage)
             ... in the Dungeon (Sprint III: "The Ten Rune Challenge").
             The game lasted 00:07:03 (1725 turns).

Kidiri the Covert (Spriggan Enchanter)              Turns: 1725, Time: 00:07:04

Health: 0/39       AC:  3    Str:  4    XL:     9   Next: 26%
Magic:  10/25      EV: 29    Int: 18    God:    Dithmenos [***...]
Gold:   35         SH:  0    Dex: 18    Spells: 12 memorised, 2 levels left

rFire  . . .     SeeInvis +     a - +1 dagger
rCold  . . .     Clarity  .     b - +1 robe
rNeg   . . .     SustAt   .     (shield restricted)
rPois  .         Gourm    .     (helmet restricted)
rElec  .         Spirit   .     (no cloak)
rCorr  .         Warding  .     (gloves unavailable)
rMut   .         NoTele   +     (boots unavailable)
MR     +....                    (no amulet)
Stlth  +++++++++.               (no ring)
                                (no ring)

@: lethally poisoned (0 -> -22), wreathed by umbra, very quick, somewhat
resistant to hostile enchantments, incredibly stealthy
A: unfitting armour, horns 1, talons 1, see invisible, herbivore 3, speed 3,
slow metabolism 2
a: Shadow Step, Renounce Religion


You were in the Dungeon.
You worshipped Dithmenos.
Dithmenos was most pleased with you.
You were not hungry.

You visited 1 branch You collected 35 gold pieces.

Inventory:

Hand weapons
 a - a +1 dagger (weapon)
Missiles
 r - 4 throwing nets (quivered)
Armour
 b - a +1 robe (worn)
Magical devices
 t - a wand of invisibility (3)
Scrolls
 j - a scroll of blinking
 l - a scroll of holy word
 n - 3 scrolls of remove curse
Potions
 e - 2 potions of curing
 f - 3 potions of heal wounds
 g - a potion of haste
 h - 2 potions of magic
 m - a potion of berserk rage
 p - 4 potions of cure mutation
 q - 3 potions of flight
 s - a potion of might
Books
 c - a book of Maledictions

   Spells                             Type                      Level
   a - Corona                         Hexes                        1
   b - Ensorcelled Hibernation        Hexes/Ice                    2
   c - Confuse                        Hexes                        3
   d - Tukima's Dance                 Hexes                        3
   e - Dazzling Spray                 Conjuration/Hexes            3
 i - a book of Necromancy

   Spells                             Type                      Level
   a - Pain                           Necromancy                   1
   b - Animate Skeleton               Necromancy                   1
   c - Vampiric Draining              Necromancy                   3
   d - Regeneration                   Charms/Necromancy            3
   e - Animate Dead                   Necromancy                   4
   f - Control Undead                 Necromancy                   4
 k - a book of Geomancy

   Spells                             Type                      Level
   a - Sandblast                      Earth                        1
   b - Stoneskin                      Transmutation/Earth          2
   c - Passwall                       Transmutation/Earth          3
   d - Stone Arrow                    Conjuration/Earth            3
   e - Petrify                        Transmutation/Earth          4
   f - Lee's Rapid Deconstruction     Earth                        5
Comestibles
 d - 2 bread rations
 o - 2 royal jellies


   Skills:
 + Level 6.7 Short Blades
 * Level 12.6 Dodging
 * Level 13.9 Stealth
 * Level 11.0 Spellcasting
 + Level 3.9 Conjurations
 + Level 8.3 Hexes
 + Level 5.8 Charms
 + Level 3.4 Necromancy
 + Level 4.4 Transmutations
 + Level 4.7 Ice Magic
 + Level 3.0 Earth Magic
 + Level 4.4 Invocations


You had 2 spell levels left.
You knew the following spells:

 Your Spells              Type           Power        Failure   Level  Hunger
a - Corona                Hex            #####..      1%          1    None
b - Ensorcelled Hibernat  Hex/Ice        ####..       1%          2    None
c - Confuse               Hex            #####...     1%          3    None
d - Tukima's Dance        Hex            #####...     1%          3    None
e - Dazzling Spray        Conj/Hex       ####....     1%          3    None
f - Animate Skeleton      Necr           N/A          1%          1    None
g - Pain                  Necr           ###.         1%          1    None
h - Regeneration          Chrm/Necr      ####......   3%          3    None
i - Vampiric Draining     Necr           ###.......   6%          3    None
j - Passwall              Trmt/Erth      ###.......   4%          3    None
k - Stoneskin             Trmt/Erth      ###.....     1%          2    None
l - Stone Arrow           Conj/Erth      ###...       6%          3    None


Dungeon Overview and Level Annotations

Branches:
Dungeon (1/1)

Altars:
Cheibriados
Dithmenos
Elyvilon
Fedhas
Gozag
Kikubaaqudgha
Makhleb
Nemelex Xobeh
Okawaru
Qazlal
Ru
Sif Muna
Trog
Vehumet
Xom
Yredelemnul
Zin
The Shining One
Jiyva
Lugonu


Innate Abilities, Weirdness & Mutations

You are tiny and cannot use many weapons and most armour.
You have supernaturally acute eyesight.
You are a herbivore.
You cover ground extremely quickly.
You need consume almost no food.
You have a pair of small horns on your head.
You have sharp toenails.


Message History

* * * LOW HITPOINT WARNING * * *
You are lethally poisoned!
The trapdoor spider poisons you!
Really walk into that net trap? [Y]es or [N]o only, please.
Really walk into that net trap?
Okay, then.
Unknown command.
Casting: Confuse
Confirm with . or Enter, or press ? or * to list all spells.
Aiming: Ensorcelled Hibernation
Press: ? - help, Shift-Dir - straight line, f - trapdoor spider
Aim: a trapdoor spider (umbra, chance to defeat MR: 62%)
The trapdoor spider looks drowsy...
* * * LOW HITPOINT WARNING * * *
You feel sick.
A trapdoor spider hides itself under the floor.
A trapdoor spider leaps out from its hiding place under the floor!
The trapdoor spider bites you!
You die...

#####################
...#.#.#)....#......+
.#).#.##.###.#......#
#.#)#.##.#).##..%...#
..#..#..##.)'.....^.#
▓▓▓▓▓▓▓▓▓▓▓▓#...^^..#
#...@...# +...(s..#
#.......# ##+######


You could see a trapdoor spider.

Vanquished Creatures
  Erolcha (D)
  A deep elf priest (D)
  A trapdoor spider (D)
  A shadow (D)
  A redback (D)
  2 hill giants (D)
  A spatial vortex (D)
  A necrophage (D)
  3 two-headed ogres (D)
  A water elemental (D)
  A jelly (D)
  A wolf (D)
  A necromancer (D)
  A wizard (D)
  A kobold demonologist (D)
  3 humans (D)
  An ooze (D)
  3 rats (D)
25 creatures vanquished.

Vanquished Creatures (others)
  2 draconian scorchers (D)
  2 yaktaurs (D)
4 creatures vanquished.

Grand Total: 29 creatures vanquished

Notes
Turn   | Place    | Note
--------------------------------------------------------------
     0 | D        | Kidiri the Spriggan Enchanter began the quest for the Orb.
     0 | D        | Reached XP level 1. HP: 9/9 MP: 5/5
     9 | D        | Reached skill level 5 in Stealth
    79 | D        | Noticed a wolf
    82 | D        | Killed a wolf
    82 | D        | Reached skill level 5 in Dodging
    82 | D        | Reached skill level 6 in Stealth
    82 | D        | Reached XP level 2. HP: 13/13 MP: 6/8
    82 | D        | Reached XP level 3. HP: 16/16 MP: 7/10
    90 | D        | Learned a level 2 spell: Ensorcelled Hibernation
    94 | D        | Learned a level 3 spell: Confuse
    98 | D        | Learned a level 3 spell: Tukima's Dance
   132 | D        | Reached skill level 7 in Stealth
   230 | D        | Gained mutation: You are agile. (Dex +2) [potion of mutation]
   230 | D        | Gained mutation: You have a pair of small horns on your head. [potion of mutation]
   231 | D        | Gained mutation: You have sharp toenails. [potion of mutation]
   231 | D        | Lost mutation: You are agile. (Dex +2) [potion of mutation]
   231 | D        | Killed a white draconian scorcher
   239 | D        | Noticed a water elemental
   244 | D        | Killed a white draconian scorcher
   249 | D        | Killed a water elemental
   249 | D        | Reached skill level 8 in Stealth
   249 | D        | Reached skill level 5 in Hexes
   249 | D        | Reached skill level 1 in Ice Magic
   249 | D        | Reached XP level 4. HP: 21/21 MP: 11/13
   345 | D        | Killed a yaktaur
   381 | D        | Learned a level 3 spell: Dazzling Spray
   397 | D        | Noticed a jelly
   398 | D        | Noticed a shadow
   427 | D        | Killed a shadow
   427 | D        | Reached skill level 9 in Stealth
   427 | D        | Reached skill level 1 in Conjurations
   427 | D        | Reached XP level 5. HP: 24/24 MP: 0/16
   558 | D        | Killed a jelly
   558 | D        | Reached skill level 10 in Stealth
   558 | D        | Reached XP level 6. HP: 28/28 MP: 12/17
   590 | D        | Found a stormy altar of Qazlal.
   591 | D        | Found a sacrificial altar of Ru.
   591 | D        | Found a burning altar of Makhleb.
   591 | D        | Found a viscous altar of Jiyva.
   591 | D        | Found a shimmering altar of Xom.
   591 | D        | Found a shadowy altar of Dithmenos.
   591 | D        | Found a sparkling altar of Nemelex Xobeh.
   591 | D        | Found a corrupted altar of Lugonu.
   591 | D        | Found an opulent altar of Gozag.
   591 | D        | Noticed a spatial vortex
   595 | D        | Became a worshipper of Dithmenos the Shadowed
   597 | D        | HP: 1/28 [spatial vortex (27)]
   940 | D        | Killed a spatial vortex
   940 | D        | Reached skill level 5 in Short Blades
   940 | D        | Reached skill level 1 in Invocations
  1025 | D        | Killed a yaktaur
  1213 | D        | Found a radiant altar of Vehumet.
  1214 | D        | Found a deep blue altar of Sif Muna.
  1214 | D        | Found an ancient bone altar of Kikubaaqudgha.
  1214 | D        | Noticed a wizard
  1215 | D        | Killed a wizard
  1215 | D        | Reached skill level 11 in Stealth
  1223 | D        | Learned a level 1 spell: Animate Skeleton
  1225 | D        | Learned a level 1 spell: Pain
  1229 | D        | Learned a level 3 spell: Regeneration
  1233 | D        | Learned a level 3 spell: Vampiric Draining
  1246 | D        | Found a glowing silver altar of Zin.
  1247 | D        | Found a glowing golden altar of the Shining One.
  1247 | D        | Found a white marble altar of Elyvilon.
  1247 | D        | Noticed a deep elf priest
  1249 | D        | Killed a deep elf priest
  1249 | D        | Reached skill level 10 in Dodging
  1249 | D        | Reached skill level 1 in Necromancy
  1249 | D        | Reached XP level 7. HP: 32/32 MP: 18/20
  1274 | D        | Learned a level 3 spell: Passwall
  1274 | D        | Found an iron altar of Okawaru.
  1275 | D        | Found a bloodstained altar of Trog.
  1275 | D        | Noticed a human
  1275 | D        | Noticed a human
  1277 | D        | Killed a human
  1277 | D        | Reached skill level 12 in Stealth
  1277 | D        | Reached skill level 1 in Transmutations
  1278 | D        | Killed a human
  1278 | D        | Reached skill level 1 in Earth Magic
  1293 | D        | Found a snail-covered altar of Cheibriados.
  1293 | D        | Noticed a necrophage
  1294 | D        | Found a basalt altar of Yredelemnul.
  1294 | D        | Found a blossoming altar of Fedhas.
  1294 | D        | Noticed a necromancer
  1295 | D        | Killed a necrophage
  1295 | D        | Acquired Dithmenos's first power
  1295 | D        | Reached XP level 8. HP: 36/36 MP: 22/22
  1297 | D        | Killed a necromancer
  1307 | D        | Learned a level 2 spell: Stoneskin
  1423 | D        | Noticed a two-headed ogre
  1423 | D        | Noticed a two-headed ogre
  1430 | D        | Killed a two-headed ogre
  1435 | D        | Killed a two-headed ogre
  1436 | D        | Noticed a two-headed ogre
  1439 | D        | Killed a two-headed ogre
  1439 | D        | Reached skill level 10 in Spellcasting
  1552 | D        | Noticed a hill giant
  1555 | D        | Killed a hill giant
  1555 | D        | Acquired Dithmenos's second power
  1560 | D        | Noticed a hill giant
  1560 | D        | Noticed Erolcha
  1562 | D        | Killed Erolcha
  1562 | D        | Reached skill level 13 in Stealth
  1562 | D        | Reached skill level 5 in Charms
  1562 | D        | Reached XP level 9. HP: 39/39 MP: 24/24
  1563 | D        | Killed a hill giant
  1655 | D        | Learned a level 3 spell: Stone Arrow
  1656 | D        | Noticed a redback
  1666 | D        | Killed a redback
  1684 | D        | Noticed a trapdoor spider
  1692 | D        | Killed a trapdoor spider
  1723 | D        | Noticed a trapdoor spider
  1725 | D        | Slain by a trapdoor spider

Vault maps used:
D:        dungeon_sprint_mu

Action                   |  1- 3 |  4- 6 |  7- 9 || total
-------------------------+-------+-------+-------++-------
Melee: Dagger            |    16 |     7 |    12 ||    35
 Cast: Ensorcelled Hiber |     4 |     2 |    16 ||    22
       Confuse           |     1 |       |     1 ||     2
       Dazzling Spray    |       |    12 |     3 ||    15
  Use: Potion            |     3 |       |       ||     3
       Scroll            |     2 |       |       ||     2
 Stab: Sleeping          |     4 |     4 |    10 ||    18
       Confused          |       |       |     1 ||     1
